 Dungeon Crawl Stone Soup version 0.28-a0-445-g51f8dfeb47 (webtiles) character file.

Game seed: 12216042482661890812

5098 Dabor the Basher (level 10, -4/100 HPs)
             Began as a Troll Berserker on Sept 13, 2021.
             Was a High Priest of Trog.
             Killed from afar by Harold (12 damage)
             ... with a bolt of acid
             ... on level 8 of the Dungeon.
             The game lasted 00:39:13 (7130 turns).

Dabor the Basher (Troll Berserker)                  Turns: 7130, Time: 00:39:14

Health: -4/100     AC:  8    Str: 30    XL:     10   Next: 32%
Magic:  3/3        EV:  6    Int:  3    God:    Trog [*****.]
Gold:   403        SH:  0    Dex:  9    Spells: 9/9 levels left

rFire   + . .      SeeInvis +   r - +2 dire flail (antimagic)
rCold   + + .      Faith    .   (shield currently unavailable)
rNeg    . . .      Spirit   .   v - +2 robe "Quaggiri" {rF+}
rPois   .          Reflect  .   (helmet restricted)
rElec   .          Harm     .   (no cloak)
rCorr   .          Rampage  .   (gloves unavailable)
Will    ++...                   (boots unavailable)
Stlth   +.........              (no amulet)
HPRegen 2.26/turn               c - ring of see invisible
MPRegen 0.08/turn               f - ring of protection from cold

@: confused, lethally poisoned (-4 -> -6), ambrosia-drunk, strong-willed, on
berserk cooldown, very slightly contaminated, held, regenerating, slowed,
invisible, very slow
A: large, unfitting armour, claws 3, regeneration 1, shaggy fur 1, tough skin 1,
horns 1, iridescent scales 1, cold resistance 1
a: Renounce Religion, Berserk, Trog's Hand, Brothers in Arms


You were on level 8 of the Dungeon.
You worshipped Trog.
Trog was extremely pleased with you.
You visited 1 branch of the dungeon, and saw 8 of its levels.
You also visited: Bailey.

You collected 403 gold pieces.

Inventory:

Hand Weapons
 r - a +2 antimagic dire flail (weapon)
 G - the +7 war axe "Zourr" {pain, Str+4}
   (You found it on level 8 of the Dungeon)

   In the hands of one skilled in necromantic magic, it inflicts extra damage on
   living creatures.
   Str:       It affects your strength (+4).
   Trog disapproves of the use of such an item.
 I - a +3 spear
 J - a +4 halberd
Missiles
 e - 214 stones (quivered)
 g - a throwing net
 k - 13 boomerangs
 m - 11 large rocks
 D - 17 poisoned darts
 K - 18 javelins
Armour
 b - a +1 animal skin
 v - the +2 robe "Quaggiri" (worn) {rF+}
   (You found it on level 4 of the Dungeon)

   rF:        It protects you from fire.
 E - +0 steam dragon scales
Jewellery
 c - a ring of see invisible (left claw)
 f - a ring of protection from cold (right claw)
Wands
 a - a wand of charming (10)
 p - a wand of iceblast (14)
 s - a wand of mindburst (9)
 t - a wand of flame (5)
 x - a wand of paralysis (6)
Scrolls
 d - 2 scrolls of identify
 h - a scroll of holy word {unknown}
 i - 4 scrolls of enchant armour
 n - a scroll of noise {unknown}
 u - 2 scrolls of immolation {unknown}
 y - 4 scrolls of teleportation {unknown}
 A - a scroll of blinking {unknown}
 F - a scroll of magic mapping
 H - 3 scrolls of fear {unknown}
Potions
 j - 2 potions of degeneration
 q - a potion of curing
 w - a potion of brilliance {unknown}
 z - 2 potions of berserk rage {unknown}
 B - a potion of magic {unknown}
 C - a potion of lignification {unknown}
Miscellaneous
 L - a phantom mirror


   Skills:
 + Level 6.3 Fighting
 * Level 8.9 Maces & Flails
 + Level 6.2 Throwing
 - Level 1.3 Armour
 + Level 6.4 Dodging


You had 9 spell levels left.
You didn't know any spells.
Your spell library was empty.

Dungeon Overview and Level Annotations

Branches:
Dungeon (8/15)             Temple (0/1) D:6          Bailey (visited)
   Lair: D:8-11

Altars:

Annotations:
D:8 Harold


Innate Abilities, Weirdness & Mutations

You are too large for most types of armour.
You have claws for hands.
Your natural rate of healing is unusually fast.
You are covered in fur. (AC +1)
You have tough skin. (AC +1)
You have a pair of small horns on your head.
You are partially covered in iridescent scales. (AC +2)
Your flesh is cold resistant. (rC+)


Message History

You are more poisoned.
Okay, then.
You are too berserk!
You feel very sick.
You feel a strong urge to attack something.
You feel very sick.
You feel very sick.
You feel your anger nearly subside.
You are no longer berserk.
You are exhausted.
You feel yourself slow down.
You feel very sick.
Harold says, "My wife will appreciate not having to wash blood out of my clothes anymore."
You feel very sick.
Harold throws a throwing net.
The throwing net hits you.
You become entangled in the net!
Harold zaps a wand.
The bolt of acid hits you!!
* * * LOW HITPOINT WARNING * * *
You see here a throwing net.
Press: ? - help, v - describe, . - travel
Here: Harold, wielding a +2 short sword of venom, wearing a +0 ring mail, quivering 2 throwing nets and carrying a wand of acid (3) (lightly wounded)
The floor, spattered with blood.
You feel better.
Harold zaps a wand.
The bolt of acid hits you!
* * * LOW HITPOINT WARNING * * *
Okay, then.
Press: ? - help, v - describe, . - travel, g - get item Item here: a throwing net.
The floor.
You fade into invisibility!
You are very lightly contaminated with residual magic.
You struggle against the net.
Harold barely misses you.
You feel better.
You are no longer corroded.
Harold hits you with a +2 short sword of venom!
* * * LOW HITPOINT WARNING * * *
You are lethally poisoned!
You are confused.
You feel invigorated.
You feel extremely sick.
Harold zaps a wand.
The bolt of acid hits you!
You die...

,* *,..,,.......* #.,,...
,*
***#(###....#######.#####
,* #.....................
,****
***#......#****#......
,,,,* #......# #......
,,,,* #...(..## #......
,,,,* #....(..# ##......
,,,,* #.@....(# #.......
,,,,* ##@...(.# #.......
,,,,* #....### #.......
,,,,* #....# #.......
,,,,* #)..)# #.......
,,,,* #####)...###
#.######
,,,,########.........<#
#.#
****#......#.##########
#.# #.####.#.######## #.#
#.# #.#........# #.#


You could see Harold.

Vanquished Creatures
  The ghost of Mandevil the Stinger, a novice DrVM of Ru (D:5)
  Sigmund (D:4)
  The ghost of Gargoyl the Skirmisher, an amateur GnAK of Lugonu (D:4)
  2 steam dragons
  Edmund (D:4)
  A water moccasin (D:8)
  2 ice beasts (D:7)
  11 orc warriors
  A black bear (D:8)
  3 ogres
  A necrophage (D:8)
  8 centaurs (Bailey)
  A kobold brigand (D:6)
  3 bullfrogs
  A wyvern zombie (D:7)
  A water moccasin zombie (D:6)
  4 killer bees (D:8)
  The ghost of Kavrick the Shield-Bearer, a weakling FoFi (D:3)
  4 howler monkeys
  2 centaur zombies
  3 bullfrog zombies (D:6)
  A gnoll shaman (D:5)
  3 hounds
  2 jellies
  A centaur skeleton (D:4)
  An orc priest (D:6)
  3 bullfrog skeletons (D:6)
  An iguana (D:7)
  4 orc wizards
  A killer bee zombie (D:7)
  2 howler monkey skeletons
  6 gnolls
  3 river rats (D:4)
  10 adders
  2 white imps (D:7)
  An adder skeleton (D:4)
  4 worms
  2 dart slugs
  44 orcs
  6 bats
  5 endoplasms
  2 giant cockroaches
  6 hobgoblins
  6 jackals
  3 quokkas
  7 ball pythons
  6 frilled lizards
  11 goblins
  14 kobolds
  9 rats
219 creatures vanquished.

Vanquished Creatures (others)
  A white imp (D:7)
  An orc (D:6)
  2 withered plants (D:4)
4 creatures vanquished.

Grand Total: 223 creatures vanquished

Notes
Turn   | Place    | Note
-------+----------+-------------------------------------------
     0 | D:1      | Dabor the Troll Berserker began the quest for the Orb.
     0 | D:1      | Reached XP level 1. HP: 22/22 MP: 0/0
     6 | D:1      | Noticed a hound
     6 | D:1      | Noticed a swamp drake
     7 | D:1      | Noticed a polar bear
     7 | D:1      | Noticed an anaconda
   236 | D:1      | Reached XP level 2. HP: 29/29 MP: 1/1
   451 | D:1      | Reached ** piety under Trog
   716 | D:1      | Reached skill level 3 in Maces & Flails
   716 | D:1      | Reached XP level 3. HP: 29/36 MP: 2/2
   719 | D:1      | Reached skill level 1 in Armour
   808 | D:2      | Reached skill level 1 in Throwing
   872 | D:2      | Reached XP level 4. HP: 44/44 MP: 3/3
  1427 | D:3      | Found a runed translucent door.
  1434 | D:3      | Noticed Kavrick's ghost (weakling FoFi)
  1454 | D:3      | Killed Kavrick's ghost
  1455 | D:3      | Reached XP level 5. HP: 39/53 MP: 4/4
  1498 | D:3      | Found a runed translucent door.
  1516 | D:3      | Found a faded altar of an unknown god.
  2593 | D:4      | Reached XP level 6. HP: 54/61 MP: 5/5
  2616 | D:4      | Reached *** piety under Trog
  2719 | D:4      | Found a runed translucent door.
  2720 | D:4      | Noticed Gargoyl's ghost (amateur GnAK)
  2742 | D:4      | Gained mutation: Your flesh is cold resistant. (rC+)
                  | [potion of mutation]
  2742 | D:4      | Gained mutation: You are partially covered in iridescent
                  | scales. (AC +2) [potion of mutation]
  2742 | D:4      | Gained mutation: You have a pair of small horns on your
                  | head. [potion of mutation]
  2749 | D:4      | Killed Gargoyl's ghost
  2750 | D:4      | Reached skill level 4 in Maces & Flails
  2876 | D:4      | Noticed Edmund
  2887 | D:4      | Killed Edmund
  2888 | D:4      | Reached XP level 7. HP: 68/68 MP: 0/6
  3017 | D:4      | Noticed Sigmund
  3025 | D:4      | Killed Sigmund
  3118 | D:4      | Identified the +2 robe "Quaggiri" {rF+}
  3319 | D:4      | Reached skill level 5 in Maces & Flails
  3350 | D:5      | Entered Level 5 of the Dungeon
  3509 | D:5      | Reached XP level 8. HP: 79/79 MP: 2/7
  3570 | D:5      | Found a runed translucent gate.
  3570 | D:5      | Found a runed translucent gate.
  3570 | D:5      | Found a runed translucent gate.
  3573 | D:5      | Noticed Mandevil's ghost (novice DrVM)
  3583 | D:5      | Killed Mandevil's ghost
  3694 | D:5      | Identified the +1 chain mail of the Nexus {SInv}
  3698 | D:5      | Reached skill level 6 in Maces & Flails
  4210 | D:6      | Found a staircase to the Ecumenical Temple.
  4275 | D:6      | Reached skill level 5 in Dodging
  4403 | D:6      | Reached skill level 5 in Fighting
  4423 | D:6      | Reached **** piety under Trog
  4552 | D:6      | Reached XP level 9. HP: 88/88 MP: 2/8
  4644 | D:7      | Reached skill level 7 in Maces & Flails
  4685 | D:7      | Reached skill level 5 in Throwing
  5761 | D:8      | Identified the +7 war axe "Zourr" {pain, Str+4}
  5815 | D:8      | Found a flagged portal.
  5849 | Bailey   | Entered a bailey
  5858 | Bailey   | Reached skill level 8 in Maces & Flails
  6247 | Bailey   | Reached XP level 10. HP: 76/98 MP: 3/9
  6479 | Bailey   | Reached ***** piety under Trog
  7107 | D:8      | Noticed Harold
  7125 | D:8      | HP: 2/100 [Harold/bolt of acid (18)]
  7130 | D:8      | Killed from afar by Harold

Illustrated notes

Levels and vault maps discovered:
D:1:      onia_arrival_zoo_common, layout_loops_cross
D:2:      layout_basic, minmay_pentomino_z4
D:3:      layout_loops_corners, ebering_ghost_sewer_f,
          chequers_ecumenical_altar_simple
D:4:      layout_basic, gammafunk_ghost_grave, lightli_sewer_entry_pipes,
          minmay_crystal_room, uniq_sigmund, uniq_edmund
D:5:      layout_gridville, ebering_ghost_rock_garden, nrook_mini_vaults,
          minmay_misc_feat_room
D:6:      minmay_general_purpose_star, layout_rooms, temple_pool_b
D:7:      layout_layer_cave
D:8:      layout_basic, enter_bailey_3, uniq_harold

Skill      XL: |  1  2  3  4  5  6  7  8  9 10 |
---------------+-------------------------------+-----
Maces & Flails | 3 4 5 6 8 |  8.9
Armour         | 1 |  1.3
Throwing       | 1 2 3 4 5 6 |  6.2
Fighting       | 3 4 5 6 |  6.3
Dodging        | 3 4 5 6 |  6.4

Action                   |  1- 3 |  4- 6 |  7- 9 | 10-12 || total
-------------------------+-------+-------+-------+-------++-------
Melee: Mace              |    93 |   196 |       |       ||   289
       Headbutt          |       |     8 |    51 |    14 ||    73
       Dire flail        |       |       |   310 |    51 ||   361
Throw: Stone             |    20 |    21 |    82 |    16 ||   139
       Large rock        |       |       |     9 |       ||     9
       Dart              |       |       |     5 |     9 ||    14
       Boomerang         |       |       |     3 |    31 ||    34
Invok: Berserk           |     3 |     7 |    10 |     3 ||    23
       Trog's Hand       |       |     3 |     3 |     1 ||     7
  Use: Scroll            |       |     5 |     3 |       ||     8
       Potion            |       |     1 |       |     4 ||     5
 Stab: Sleeping          |       |     1 |       |       ||     1
Armor: Animal skin       |    67 |    71 |     3 |       ||   141
       Robe              |       |       |   128 |    19 ||   147
Dodge: Dodged            |    81 |   107 |   198 |    60 ||   446

Table legend: (Time is in decaauts)
 A = Elapsed time spent in this place.
 B = Non-inter-level travel time spent in this place.
 C = Inter-level travel time spent in this place.
 D = Time resting spent in this place.
 E = Time spent auto-exploring this place.
 F = Levels seen in this place.
 G = Mean time per level.
                   A        B        C        D        E       F      G
               +--------+--------+--------+--------+--------+-----+--------+
         Total |   7405 |   7230 |    175 |    289 |   3775 |   9 |  822.8 |
       Dungeon |   6279 |   6104 |    175 |    231 |   3636 |   8 |  784.9 |
        Bailey |   1126 |   1126 |      0 |     58 |    139 |   1 | 1126.0 |
               +--------+--------+--------+--------+--------+-----+--------+

Top non-repeatable levels by time:
     D:3: 1317 daAuts
     D:7: 1128 daAuts
  Bailey: 1126 daAuts
     D:4: 852 daAuts
     D:1: 787 daAuts
     D:5: 701 daAuts
     D:6: 614 daAuts
     D:2: 584 daAuts
     D:8: 291 daAuts
